 Dungeon Crawl Stone Soup version 0.20.1-1-g8b1a95d (webtiles) character file.

2107 vineage the Cleaver (level 9, -11/78 HPs)
             Began as a Minotaur Fighter on Aug 4, 2017.
             Was a Follower of the Shining One.
             Mangled by an orc warrior
             ... wielding a cursed +0 trident
              (12 damage)
             ... on level 7 of the Dungeon.
             The game lasted 00:12:25 (5090 turns).

vineage the Cleaver (Minotaur Fighter)              Turns: 5090, Time: 00:12:26

Health: -11/78     AC:  8    Str: 23    XL:     9   Next: 7%
Magic:  8/8        EV:  9    Int:  5    God:    the Shining One [*.....]
Gold:   363        SH: 12    Dex: 11    Spells: 8/8 levels left

rFire    . . .     SeeInvis .   i - +2 hand axe (freeze)
rCold    . . .     Gourm    .   c - +1 shield
rNeg     . . .     Faith    .   n - +0 scale mail (curse)
rPois    .         Spirit   .   (helmet restricted)
rElec    .         Reflect  .   (no cloak)
rCorr    .         Harm     .   (no gloves)
MR       .....                  (no boots)
Stlth    ..........             (no amulet)
Regen    0.3/turn               e - ring of flight
MPRegen  0.2/turn               (no ring)

@: flying, glowing
A: retaliatory headbutt, horns 2
a: Renounce Religion


You were on level 7 of the Dungeon.
You worshipped the Shining One.
The Shining One was aware of your devotion.
You were not hungry.

You visited 2 branches of the dungeon, and saw 8 of its levels.
You also visited: Sewer.

You collected 363 gold pieces.

Inventory:

Hand Weapons
 a - a +0 war axe
 i - a +2 hand axe of freezing (weapon)
Armour
 c - a +1 shield (worn)
 k - a +0 plate armour
 n - a cursed +0 scale mail (worn)
 x - a +0 ring mail of magic resistance
Jewellery
 e - a ring of flight (left hand)
Wands
 m - a wand of flame (18/48)
 q - a wand of flame (18/48)
 r - a wand of lightning (9/15)
Scrolls
 d - a scroll of recharging
 g - a scroll of enchant armour
 j - 4 scrolls of immolation
 p - 4 scrolls of blinking
 t - a scroll of noise {unknown}
 u - a scroll of fear {unknown}
 w - a scroll of remove curse
 y - a scroll of identify
 z - 2 scrolls of amnesia {unknown}
Potions
 b - a potion of brilliance {unknown}
 l - 2 potions of flight
 s - a potion of degeneration
Comestibles
 f - 3 bread rations
 h - 3 meat rations
 o - a royal jelly


   Skills:
 + Level 6.5 Fighting
 + Level 8.2(8.3) Axes
   Level 2.0(5.5) Polearms
 + Level 7.9 Armour
 + Level 2.0 Dodging
 + Level 1.5 Stealth
 + Level 7.6 Shields


You had 8 spell levels left.
You didn't know any spells.

Dungeon Overview and Level Annotations

Branches:
Dungeon (7/15)             Temple (1/1) D:5

Altars:
Ashenzari
Cheibriados
Dithmenos
Elyvilon
Fedhas
Gozag
Hepliaklqana
Kikubaaqudgha
Nemelex Xobeh
Okawaru
Qazlal
Ru
Sif Muna
Trog
Vehumet
Xom
Zin
The Shining One


Innate Abilities, Weirdness & Mutations

You reflexively headbutt those who attack you in melee.
You have a pair of horns on your head.


Message History

Found a stone staircase leading up.
Things that are here:
a short sword; an orc corpse You feel better.
You block the crimson imp's attack.
The orc warrior hits you from afar with a trident!
* * * LOW HITPOINT WARNING * * *
You closely miss the crimson imp. The crimson imp hits you.
* * * LOW HITPOINT WARNING * * *
You block the orc warrior's attack.
You hit the crimson imp. You freeze the crimson imp.
Your headbutt misses the crimson imp.
The crimson imp is heavily wounded.
The crimson imp blinks!
The orc warrior hits you from afar with a trident!!
* * * LOW HITPOINT WARNING * * *
Unknown command.
You feel very buoyant.
You fly up into the air.
The crimson imp blinks!
The orc warrior hits you from afar with a trident!
You die...

)........###.. .
........?.#.. .#
#.............##.
#.............5.. .
#..............
.###......(......##
...#..........##..###.##
.#.>..#......)o§@.......
.#..#.....#..)##.##...#.
.#......###(####§# .#
........##(.# #.#
.....##....## <.#
....####..### .## ....#
##..)# . ..(######.#.#
.. .#.# #....#.#


You could see an orc warrior and a crimson imp.

Vanquished Creatures
  The ghost of Artagas the Cleaver, a novice HOMo (D:4)
  Eustachio (D:5)
  Purgy (Sewer)
  An ice beast (D:7)
  A sky beast (D:6)
  An ogre (D:6)
  2 centaurs
  4 scorpions
  A crimson imp (D:6)
  3 orc priests
  4 hounds
  3 jellies
  2 centaur skeletons (D:6)
  Ijyb (D:5)
  5 orc wizards
  3 iguanas
  5 adders
  2 river rats (D:4)
  An ooze (D:3)
  2 adder zombies
  An adder skeleton (D:5)
  2 worms
  3 dart slugs
  4 leopard geckos
  15 orcs
  3 giant cockroaches
  3 goblins (D:3)
  3 hobgoblins
  3 jackals (D:5)
  5 quokkas
  2 ball pythons (Sewer)
  2 bats
  6 frilled lizards
  8 kobolds
  A quokka zombie (D:5)
  7 rats
112 creatures vanquished.

Notes
Turn   | Place    | Note
-------+----------+-------------------------------------------
     0 | D:1      | vineage the Minotaur Fighter began the quest for the Orb.
     0 | D:1      | Reached XP level 1. HP: 19/19 MP: 0/0
   400 | D:1      | Reached XP level 2. HP: 27/27 MP: 1/1
   537 | D:1      | You fall through a shaft!
  1105 | D:3      | Reached XP level 3. HP: 17/33 MP: 2/2
  1272 | D:3      | Reached skill level 3 in Axes
  1436 | D:3      | Reached XP level 4. HP: 41/41 MP: 3/3
  1739 | D:4      | Reached skill level 4 in Axes
  1739 | D:4      | Reached XP level 5. HP: 44/47 MP: 4/4
  1874 | D:4      | Noticed Artagas's ghost (novice HOMo)
  1904 | D:4      | Killed Artagas's ghost
  1904 | D:4      | Reached skill level 5 in Fighting
  1904 | D:4      | Reached skill level 6 in Axes
  1904 | D:4      | Reached skill level 5 in Armour
  1904 | D:4      | Reached skill level 5 in Shields
  1904 | D:4      | Reached XP level 6. HP: 28/56 MP: 5/5
  1904 | D:4      | Reached XP level 7. HP: 31/61 MP: 6/6
  2087 | D:4      | Found a glowing drain.
  2092 | Sewer    | Entered a sewer
  2133 | Sewer    | Noticed Purgy
  2143 | Sewer    | Killed Purgy
  2306 | D:5      | Entered Level 5 of the Dungeon
  2357 | D:5      | Noticed Ijyb
  2369 | D:5      | Killed Ijyb
  2429 | D:5      | Reached skill level 7 in Axes
  2671 | D:5      | Noticed Eustachio
  2712 | D:5      | Reached skill level 1 in Polearms
  2712 | D:5      | Reached XP level 8. HP: 37/70 MP: 7/7
  3349 | D:5      | Killed Eustachio
  3484 | D:5      | Found a staircase to the Ecumenical Temple.
  3491 | Temple   | Entered the Ecumenical Temple
  3827 | Temple   | Became a worshipper of the Shining One
  3956 | D:5      | Found a snail-covered altar of Cheibriados.
  3956 | D:5      | Found a blossoming altar of Fedhas.
  4428 | D:6      | Reached skill level 1 in Dodging
  4647 | D:6      | Reached skill level 1 in Stealth
  4757 | D:6      | Reached * piety under the Shining One
  4819 | D:6      | Found an ancient bone altar of Kikubaaqudgha.
  4846 | D:6      | Found a hazy altar of Hepliaklqana.
  4974 | D:6      | Reached skill level 8 in Axes
  5071 | D:7      | Reached XP level 9. HP: 63/78 MP: 8/8
  5089 | D:7      | HP: 1/78 [orc warrior/trident (18)]
  5090 | D:7      | Mangled by an orc warrior

Skill      XL: |  1  2  3  4  5  6  7  8  9 |
---------------+----------------------------+-----
Fighting       | 4 5 6 |  6.5
Armour         | 4 5 6 7 |  7.9
Axes           | 3 4 6 7 8 |  8.2
Shields        | 4 5 6 7 |  7.6
Polearms       | 1 2 |  2.0
Dodging        | 1 2 |  2.0
Stealth        | 1 |  1.5

Action                   |  1- 3 |  4- 6 |  7- 9 || total
-------------------------+-------+-------+-------++-------
Melee: War axe           |    18 |       |       ||    18
       Headbutt          |    12 |     7 |    51 ||    70
       Hand axe          |    57 |    49 |   139 ||   245
       Rapier            |     1 |       |       ||     1
       Spear             |       |       |   209 ||   209
  Use: Scroll            |     7 |       |     6 ||    13
       Potion            |       |     3 |     5 ||     8
  Eat: Chunk             |     1 |       |     4 ||     5
       Bread ration      |       |     1 |     1 ||     2
Armor: Scale mail        |    12 |       |    19 ||    31
       Plate armour      |    17 |    19 |   231 ||   267
Dodge: Dodged            |     9 |     4 |    88 ||   101
Block: Shield            |    34 |    19 |   251 ||   304
